AoeStats
← King Nikovsk II

Lombardia

509744878Analyzed
2v2 RM · 5d ago on Sep 27, 2026· 58m 23s· 4 players
Game mode
Random Map
Map size
Medium (4 player)
Population
200
Speed
Normal
Resources
Standard
Victory
Conquest
Starting age
Dark Age
Ending age
Imperial Age
RankedLock teamsTeams togetherTeam positionsShared explorationLock speedFull tech treeHidden civsTurbo modeCheats
Victory
Defeat
🇮🇳 Persians · India
1051
+16
🇬🇧 Britons · United Kingdom
1008
+18
🇧🇷 Slavs · Brazil
1067
-17
🇧🇷 Byzantines · Brazil
1048
-17
tomahawk
10:35 Feudal Age
8:53 Loom
11:54 Double-Bit Axe
11:54 Horse Collar
19:49 Castle Age
18:17 Fletching
18:27 Padded Archer Armor
19:38 Padded Archer Armor
20:02 Crossbowman
20:07 Crossbowman
23:29 Bodkin Arrow
23:50 Leather Archer Armor
26:52 Wheelbarrow
30:32 Hand Cart
33:59 Imperial Age
33:00 Forging
32:51 Scale Mail Armor
32:15 Pikeman
33:40 Gambesons
34:34 Iron Casting
34:04 Arbalester
34:51 Bracer
35:15 Ballistics
35:57 Chemistry
38:44 Ring Archer Armor
39:20 Heavy Plow
39:12 Gold Mining
39:16 Stone Mining
39:40 Bow Saw
42:35 Conscription
42:58 Warwolf
47:51 Blast Furnace
46:56 Scale Barding Armor
48:39 Yeomen
48:55 Hoardings
48:07 Light Cavalry
54:18 Guilds
54:39 Coinage
54:10 Caravan
54:04 Elite Longbowman
57:14 Chain Barding Armor
56:58 Husbandry
59:07 Banking
P A T S H A
8:57 Loom
10:44 Feudal Age
11:59 Double-Bit Axe
16:28 Castle Age
19:16 Bloodlines
33:41 Forging
33:37 Scale Barding Armor
33:23 Fletching
33:33 Padded Archer Armor
34:30 Kamandaran
35:43 Bodkin Arrow
41:17 Imperial Age
42:06 Cavalier
43:41 Wheelbarrow
42:51 Town Watch
42:56 Crossbowman
43:42 Thumb Ring
44:39 Bow Saw
49:18 Iron Casting
48:21 Capped Ram
49:57 Light Cavalry
50:37 Husbandry
54:01 Savar
55:55 Hussar
Winter Dragon
0:32 Loom
8:58 Loom
10:44 Feudal Age
15:31 Double-Bit Axe
15:35 Horse Collar
22:50 Castle Age
28:31 Fletching
31:41 Bow Saw
35:27 Imperial Age
33:15 Stone Mining
33:57 Gold Mining
35:17 Padded Archer Armor
36:22 Bodkin Arrow
40:54 Scale Mail Armor
42:55 Elite Skirmisher
47:05 Heavy Plow
47:43 Gold Shaft Mining
48:02 Bracer
51:20 Ballistics
55:53 Murder Holes
58:09 Conscription
King Nikovsk II
8:52 Loom
11:23 Feudal Age
13:02 Horse Collar
13:08 Double-Bit Axe
22:53 Castle Age
23:26 Pikeman
24:08 Scale Mail Armor
24:19 Forging
25:39 Chain Mail Armor
25:41 Squires
26:20 Wheelbarrow
25:31 Town Watch
28:36 Iron Casting
31:04 Hand Cart
31:18 Gold Mining
31:19 Stone Mining
31:50 Heavy Plow
32:14 Bow Saw
35:31 Scale Barding Armor
39:05 Imperial Age
37:45 Chain Barding Armor
37:19 Fletching
37:30 Padded Archer Armor
36:53 Elite Skirmisher
40:28 Imperial Age
39:10 Bodkin Arrow
40:34 Ballistics
40:44 Leather Archer Armor
40:43 Halberdier
43:54 Plate Mail Armor
44:25 Blast Furnace
44:44 Chemistry
Connection lost

Rejoining the realm…

Still unreachable

The connection could not be restored.

Session expired

The server has moved on; the page needs a fresh start.